 Dungeon Crawl Stone Soup version 0.31-a0-631-g285b096dc4 (webtiles) character file.

Game seed: 18229792686200748419

10313 Gelion the Mimic (level 11, -6/80 HPs)
             Began as an Octopode Shapeshifter on Aug 25, 2023.
             Was an Initiate of Gozag.
             Mangled by a yak (12 damage)
             ... on level 1 of the Lair of Beasts.
             The game lasted 00:18:53 (9903 turns).

Gelion the Mimic (Octopode Shapeshifter)            Turns: 9903, Time: 00:18:54

Health: -6/80      AC:  5    Str: 18    XL:     11   Next: 60%
Magic:  0/20       EV: 18    Int: 10    God:    Gozag
Gold:   1109       SH:  0    Dex: 16    Spells: 10/10 levels left

rFire   . .          .
                       - Unarmed
rCold   . . .        (shield currently unavailable)
rNeg    . . .        (helmet restricted)
rPois   +            j - amulet of guardian spirit
rElec   .            k - ring of magical power
rCorr   .            l - ring of poison resistance
SInv    +            p - +5 ring of evasion
Will    .....        b - +4 ring of protection
Stlth   +            m - ring of see invisible
HPRegen 0.33/turn    t - ring of flight
MPRegen 0.17/turn    (no ring)
                     (no ring)

%: guardian spirit
@: about to teleport, flux-form, flying, glowing
A: glow, contaminating, almost no armour, amphibious, 8 rings, camouflage 1,
gelatinous body 1, (nimble swimmer 1), tentacles, strong 1, inability to drink
after injury 1
a: Begin Untransformation, Renounce Religion, Potion Petition, Call Merchant,
Bribe Branch


You were on level 1 of the Lair of Beasts.
You worshipped Gozag.
Gozag was most pleased with you.
You were something dangerously unstable.
You visited 3 branches of the dungeon, and saw 11 of its levels.

You collected 1761 gold pieces.
You paid 652 gold pieces to Gozag.

Inventory:

Missiles
 s - 5 throwing nets
Jewellery
 b - a +4 ring of protection (on tentacle)
 j - an amulet of guardian spirit (around mantle)
 k - a ring of magical power (left tentacle)
 l - a ring of poison resistance (right tentacle)
 m - a ring of see invisible (on tentacle)
 p - a +5 ring of evasion (on tentacle)
 t - a ring of flight (on tentacle)
Talismans
 c - a flux talisman (active)
Wands
 q - a wand of paralysis (10)
 r - a wand of iceblast (10)
 u - a wand of mindburst (6)
 v - a wand of flame (5)
Scrolls
 a - 2 scrolls of identify
 f - a scroll of brand weapon
 h - 4 scrolls of amnesia
 i - 2 scrolls of vulnerability
 y - a scroll of fear
 z - a scroll of blinking
Potions
 e - 5 potions of enlightenment
 n - 2 potions of mutation
 o - 3 potions of curing
 w - a potion of brilliance
 x - a potion of berserk rage


   Skills:
 + Level 9.1 Fighting
 - Level 2.0 Dodging
 + Level 9.6 Unarmed Combat
 * Level 12.1 Shapeshifting


You had 10 spell levels left.
You didn't know any spells.
Your spell library contained the following spells:

 Spells                   Type           Power      Damage    Failure   Level
 Magic Dart               Conj           0%         1d3       36%         1
 Sandblast                Erth           0%         2d4       36%         1
 Passwall                 Tmut/Erth      0%         N/A       50%         2
 Searing Ray              Conj           0%         2d4       50%         2
 Stone Arrow              Conj/Erth      0%         3d7       75%         3
 Fulminant Prism          Conj/Hex       0%         3d5       98%         4
 Summon Forest            Summ/Tloc      0%         N/A       100%        5
 Eringya's Noxious Bog    Tmut/Pois      0%         4d6       100%        6
 Summon Hydra             Summ           0%         N/A       100%        7


Dungeon Overview and Level Annotations

Branches:
Dungeon (9/15)             Temple (1/1) D:4            Lair (1/5) D:8
    Orc (0/2) D:9

Altars:
Ashenzari
Cheibriados
Dithmenos
Elyvilon
Fedhas
Gozag
Hepliaklqana
Kikubaaqudgha
Makhleb
Nemelex Xobeh
Okawaru
Qazlal
Ru
Sif Muna
Trog
Uskayaw
Vehumet
Wu Jian
Xom
Yredelemnul
Zin
The Shining One

Shops:
D:3 (   D:8 *


Innate Abilities, Weirdness & Mutations

You are something dangerously unstable.
You glow with magical radiation, making you easy to see and hit.
Foes you strike become dangerously contaminated with magical radiation.
You are incapable of wielding weapons or throwing items.
You cannot wear most types of armour.
You are amphibious.
You can wear up to eight rings at the same time.
Your skin changes colour to match your surroundings (Stealth+).
Your rubbery body absorbs attacks. (AC +1, EV +1)
((You are camouflaged when in or above water. (Stealth+)))
You have tentacles for arms and can constrict up to eight enemies at once.
Your muscles are strong. (Str +4, Int/Dex -1)
You occasionally lose the ability to drink potions when taking damage.


Message History

The yak is severely wounded.
The yak gores you! The yak completely misses you.
You tentacle-slap the yak.
The yak begins to glow.
You squeeze the yak.
The yak is moderately wounded.
The yak closely misses you. The yak barely misses you.
You bludgeon the yak!
The yak glows dangerously bright.
The yak is heavily wounded.
The yak gores you! The yak gores you but does no damage. The yak gores you!
You are too injured to fight recklessly!
You are too injured to fight recklessly!
You are too injured to fight recklessly!
You are too injured to fight recklessly!
Unknown command.
The yak attacks as it pursues you! The yak gores you.
You see here a scroll of identify.
The yak stops glowing.
The yak attacks as it pursues you! The yak gores you!
The yak attacks as it pursues you! The yak misses you.
The yak seems to return to its normal shape.
The yak stops glowing.
The yak attacks as it pursues you! The yak gores you but does no damage.
The yak attacks as it pursues you! The yak gores you!
* * * LOW HITPOINT WARNING * * *
The yak attacks as it pursues you! The yak gores you!
* * * LOW HITPOINT WARNING * * *
You tentacle-slap the fungus.
The fungus begins to die.
The fungus begins to glow.
You grab the fungus. You squeeze the fungus.
The fungus is lightly damaged.
You constrict the fungus. The yak gores you!
* * * LOW HITPOINT WARNING * * *
You release your grip on the fungus.
You see here a +0 helmet.
Okay, then.
It was a potion of cancellation.
You feel magically purged.
The yak gores the plant!
The plant begins to die.
As you read the scroll of teleportation, it crumbles to dust.
You feel strangely unstable.
A nearby fungus withers and dies.
The yak misses you. The yak attacks as it pursues you! The yak gores you!
You die...
Your body crumbles into a pile of gold.

.....................#
.....................##
......................#
.....................##
..........#PP##......#
#.#Y#....#...........#
[Y?.#....#.......#...#
..YY#....#...........##
..Y.#....#.....YB#....#
....#....#.....YY#...P#
....#....#.....Y.#...##
.......Y.###PY.###...#
.##+........YY.......#
.....................#
####.####.##.#.#######
### ########


You could see 7 yaks.

Vanquished Creatures
  2 two-headed ogres
  2 cane toads (Lair:1)
  Maggie (D:7)
  A komodo dragon (Lair:1)
  A troll (D:7)
  3 wyverns
  9 yaks
  Menkaure (D:7)
  A steam dragon (D:8)
  A warg (D:9)
  7 water moccasins
  A sky beast (D:7)
  9 orc warriors
  2 ice beasts
  2 ogres
  3 black bears
  Blork the orc (D:6)
  2 kobold brigands
  9 bullfrogs
  A gnoll sergeant (D:8)
  6 scorpions
  13 wights
  7 killer bees (D:9)
  5 howler monkeys
  An electric eel (Lair:1)
  4 hounds
  An iron imp (D:4)
  6 orc priests
  A jelly (D:3)
  A gnoll bouda (D:8)
  3 sleepcaps
  3 iguanas
  6 orc wizards
  17 gnolls
  8 adders
  An ufetubus (D:7)
  3 worms
  6 dart slugs
  30 orcs
  6 ball pythons
  4 endoplasms
  7 giant cockroaches
  4 goblins
  17 hobgoblins
  3 jackals (D:1)
  3 quokkas
  8 bats
  4 frilled lizards
  15 kobolds
  6 rats
258 creatures vanquished.

Vanquished Creatures (others)
  A ghoul (D:1)
  3 minotaurs (D:1)
  A troll (D:1)
  A vampire (D:1)
  A spriggan (D:1)
  A human (D:1)
  A naga (D:1)
  A tengu (D:1)
  A gnoll (D:1)
  An orc (D:1)
  A goblin (D:6)
  8 tentacles (D:1)
21 creatures vanquished.

Grand Total: 279 creatures vanquished

Notes
Turn   | Place    | Note
-------+----------+-------------------------------------------
     0 | D:1      | Gelion the Octopode Shapeshifter began the quest for the
                  | Orb.
     0 | D:1      | Reached XP level 1. HP: 13/13 MP: 1/1
     0 | D:1      | Noticed a troll
     0 | D:1      | Noticed a naga
     0 | D:1      | Noticed a tengu
     0 | D:1      | Noticed a ghoul
     0 | D:1      | Noticed a kraken
     0 | D:1      | Noticed a minotaur
     0 | D:1      | Noticed a minotaur
     0 | D:1      | Noticed a spriggan
     0 | D:1      | Noticed a human
     0 | D:1      | Noticed a vampire
     0 | D:1      | Noticed a minotaur
     5 | D:1      | Killed a minotaur
     5 | D:1      | Killed a vampire
     6 | D:1      | Killed a tengu
     7 | D:1      | Killed a naga
    10 | D:1      | Killed a minotaur
    11 | D:1      | Killed a spriggan
    11 | D:1      | Killed a human
    13 | D:1      | Killed a minotaur
    13 | D:1      | Killed a ghoul
    14 | D:1      | Killed a troll
    85 | D:1      | Reached XP level 2. HP: 13/18 MP: 2/2
   264 | D:1      | Reached XP level 3. HP: 23/23 MP: 3/3
   790 | D:2      | Reached XP level 4. HP: 23/29 MP: 4/4
  1112 | D:2      | Reached skill level 4 in Shapeshifting
  1188 | D:3      | Identified the +0 robe of Okawaru's Generosity {rF+ SInv}
  1309 | D:3      | Reached XP level 5. HP: 26/35 MP: 5/5
  1391 | D:3      | Found Duafokes's Antique Weapon Shoppe.
  1909 | D:3      | Found a glowing silver altar of Zin.
  2078 | D:4      | Noticed a water moccasin
  2088 | D:4      | Killed a water moccasin
  2089 | D:4      | Reached XP level 6. HP: 25/42 MP: 6/6
  2195 | D:4      | Found a sparkling altar of Nemelex Xobeh.
  2268 | D:4      | Found a staircase to the Ecumenical Temple.
  2316 | D:4      | Found a snail-covered altar of Cheibriados.
  2318 | D:4      | Reached skill level 5 in Shapeshifting
  2361 | Temple   | Entered the Ecumenical Temple
  2371 | Temple   | Became a worshipper of Gozag Ym Sagoz the Greedy
  2833 | D:4      | Identified the +7 dagger "Qorph" {holy, Drain Will+ Dex+2}
  3161 | D:5      | Entered Level 5 of the Dungeon
  3331 | D:5      | Reached XP level 7. HP: 40/46 MP: 7/7
  3418 | D:5      | Found a blossoming altar of Fedhas.
  3471 | D:5      | Noticed a two-headed ogre
  3646 | D:5      | Reached skill level 5 in Unarmed Combat
  3646 | D:5      | Reached skill level 6 in Shapeshifting
  3790 | D:5      | Killed a two-headed ogre
  3791 | D:5      | Reached skill level 5 in Fighting
  3791 | D:5      | Reached skill level 7 in Shapeshifting
  3791 | D:5      | Reached XP level 8. HP: 20/55 MP: 5/8
  4251 | D:6      | Noticed Blork the orc
  4263 | D:6      | Killed Blork the orc
  4267 | D:6      | Reached XP level 9. HP: 54/61 MP: 9/9
  4332 | D:6      | Found a white marble altar of Elyvilon.
  4334 | D:6      | Found a glowing golden altar of the Shining One.
  4339 | D:6      | Found a burning altar of Makhleb.
  4343 | D:6      | Found a radiant altar of Vehumet.
  4522 | D:6      | Found the +8 mithril axe "Arga" {speed, Will+}
  4552 | D:6      | Reached skill level 8 in Shapeshifting
  5019 | D:6      | Found a bloodstained altar of Trog.
  5456 | D:7      | Noticed a troll
  5472 | D:7      | Killed a troll
  5473 | D:7      | Reached skill level 9 in Shapeshifting
  5588 | D:7      | Noticed Maggie
  5598 | D:7      | Killed Maggie
  5730 | D:7      | Reached XP level 10. HP: 58/69 MP: 10/10
  5863 | D:7      | Noticed Menkaure
  5872 | D:7      | Killed Menkaure
  5925 | D:7      | Noticed a +0 short sword
  5925 | D:7      | Noticed a +0 short sword
  5926 | D:7      | Noticed a +0 falchion
  5927 | D:7      | Noticed a +0 falchion
  5927 | D:7      | Noticed a +0 dagger
  5928 | D:7      | Noticed a +0 spear
  5928 | D:7      | Noticed a +0 dagger
  5929 | D:7      | Noticed a +0 spear
  5997 | D:7      | Found a hide-covered altar of Uskayaw.
  6336 | D:8      | Reached skill level 10 in Shapeshifting
  6472 | D:8      | Noticed a two-headed ogre
  6480 | D:8      | Killed a two-headed ogre
  6504 | D:8      | Found a staircase to the Lair.
  7499 | D:9      | Reached skill level 11 in Shapeshifting
  7517 | D:9      | Gained mutation: You occasionally lose the ability to drink
                  | potions when taking damage. [potion of mutation]
  7517 | D:9      | Gained mutation: Your muscles are strong. (Str +4, Int/Dex
                  | -1) [potion of mutation]
  7536 | D:9      | Reached XP level 11. HP: 12/77 MP: 3/11
  8039 | D:9      | Found a staircase to the Orcish Mines.
  8893 | Lair:1   | Entered Level 1 of the Lair of Beasts
  9411 | Lair:1   | Reached skill level 12 in Shapeshifting
  9897 | Lair:1   | HP: 4/80 [yak (8)]
  9903 | Lair:1   | Mangled by a yak

Illustrated notes

Levels and vault maps discovered:
D:1:      nicolae_arrival_kraken_aquarium_a, layout_rooms
D:2:      layout_basic
D:3:      layout_loops_cross, zin_academy, serial_shops, shop
D:4:      layout_loops_corners, slow_altar_1, mainiacjoe_overflow_chevrons,
          minmay_temple_entry_glassed_door
D:5:      layout_cave_pools, mainiacjoe_overflow_six_doors_small,
          minmay_splitting_lines, cheibrodos_gnoll_hut
D:6:      layout_gridville, nicolae_overflow_macrodata_refinement,
          trog_hazing_becter, uniq_blork_the_orc
D:7:      layout_loops_ring, nicolae_uskayaw_en_pointe, grunt_decor_arrowhead,
          kennysheep_generic_room_16, uniq_menkaure, uniq_maggie
D:8:      layout_rooms, grunt_lair_entry_orc_guard_hut, grunt_ministairs_5
D:9:      layout_loops_ring, erik_orc_4, chequers_serial_rivers_small_b
Temple:   nicolae_temple_bog_church
Lair:1:   layout_regular_city, serial_bayou_shore_a

Skill      XL: |  1  2  3  4  5  6  7  8  9 10 11 |
---------------+----------------------------------+-----
Fighting       | 2 3 5 6 8 9 |  9.1
Shapeshifting  | 4 5 7 9 11 12 | 12.1
Unarmed Combat | 4 5 6 7 8 9 |  9.6
Dodging        | |  2.0

Action                     |  1- 3 |  4- 6 |  7- 9 | 10-12 || total
---------------------------+-------+-------+-------+-------++-------
  Melee: Unarmed           |    67 |   112 |   168 |   385 ||   732
         Constrict         |    23 |    30 |    42 |    89 ||   184
         Tentacles         |    13 |    26 |    43 |   114 ||   196
         Punch             |     3 |     9 |     1 |       ||    13
 Invoke: Call Merchant     |       |       |       |     1 ||     1
  Evoke: Wand              |       |       |    14 |     4 ||    18
    Use: Scroll            |       |       |    13 |     2 ||    15
         Potion            |       |       |     1 |     6 ||     7
   Stab: Sleeping          |     7 |    12 |     2 |       ||    21
         Paralysed         |       |       |     2 |     3 ||     5
         Distracted        |       |       |     3 |     3 ||     6
 Armour: Skin              |    13 |     2 |    15 |    46 ||    76
  Dodge: Dodged            |    33 |    57 |   140 |   281 ||   511
   Form: Flux              |       |       |     1 |       ||     1

Table legend: (Time is in decaauts)
 A = Elapsed time spent in this place.
 B = Non-inter-level travel time spent in this place.
 C = Inter-level travel time spent in this place.
 D = Time resting spent in this place.
 E = Time spent auto-exploring this place.
 F = Levels seen in this place.
 G = Mean time per level.
                   A        B        C        D        E       F      G
               +--------+--------+--------+--------+--------+-----+--------+
         Total |   9805 |   9444 |    361 |    438 |   7144 |  11 |  891.4 |
       Dungeon |   8789 |   8447 |    342 |    438 |   6313 |   9 |  976.6 |
        Temple |     20 |      2 |     18 |      0 |      0 |   1 |   20.0 |
          Lair |    995 |    995 |      0 |      0 |    831 |   1 |  995.0 |
               +--------+--------+--------+--------+--------+-----+--------+

Top non-repeatable levels by time:
     D:9: 1321 daAuts
     D:8: 1242 daAuts
     D:4: 1189 daAuts
     D:6: 1080 daAuts
     D:7: 1017 daAuts
     D:5: 999 daAuts
  Lair:1: 995 daAuts
     D:3: 764 daAuts
     D:2: 746 daAuts
     D:1: 427 daAuts
  Temple: 20 daAuts
